 Dungeon Crawl Stone Soup version 0.29.1-4-g47bece8355 (webtiles) character file.

Game seed: 11451857230038451399

379 Descartes the Ducker (level 6, 0/34 HPs)
             Began as a Deep Elf Wanderer on Dec 3, 2022.
             Was an Initiate of Gozag.
             Killed from afar by Blork the orc (6 damage)
             ... with a puff of flame
             ... on level 5 of the Dungeon.
             The game lasted 00:06:25 (3495 turns).

Descartes the Ducker (Deep Elf Wanderer)            Turns: 3495, Time: 00:06:26

Health: 0/34       AC:  5    Str: 13    XL:     6   Next: 45%
Magic:  13/13      EV: 20    Int: 16    God:    Gozag
Gold:   195        SH:  0    Dex: 21    Spells: 11/12 levels left

rFire   . . .      SeeInvis .   r - +9 mace of the Past {elec, rElec Str+3 Dex+5}
rCold   . . .      Faith    .   (no shield)
rNeg    . . .      Spirit   .   b - +2 leather armour
rPois   .          Reflect  .   (no helmet)
rElec   +          Harm     .   (no cloak)
rCorr   .          Rampage  .   (no gloves)
Will    .....                   (no boots)
Stlth   +++.......              g - amulet of regeneration
HPRegen 0.91/turn               l - +4 ring of evasion
MPRegen 0.13/turn               (no ring)

@: no status effects
A: no striking features
a: Renounce Religion, Potion Petition, Call Merchant, Bribe Branch


You were on level 5 of the Dungeon.
You worshipped Gozag.
Gozag was aware of your devotion.
You visited 2 branches of the dungeon, and saw 6 of its levels.

You collected 298 gold pieces.
You paid 103 gold pieces to Gozag.

Inventory:

Hand Weapons
 a - a +0 hand axe
 r - the +9 mace of the Past (weapon) {elec, rElec Str+3 Dex+5}
   (You found it on level 3 of the Dungeon)

   It occasionally discharges a powerful burst of electricity upon striking a
   foe.
   Str:       It affects your strength (+3).
   Dex:       It affects your dexterity (+5).
   rElec:     It insulates you from electricity.
Missiles
 e - 6 poisoned darts (quivered)
 h - 5 boomerangs
 s - 6 javelins
Armour
 b - a +2 leather armour (worn)
Jewellery
 g - an amulet of regeneration (around neck)
 l - a +4 ring of evasion (left hand)
 p - an amulet of magic regeneration
 y - an amulet of the acrobat
Scrolls
 c - 4 scrolls of butterflies
 d - 3 scrolls of teleportation
 f - 2 scrolls of silence {unknown}
 j - a scroll of enchant armour {unknown}
 k - 4 scrolls of identify {unknown}
 m - 2 scrolls of poison {unknown}
 n - a scroll of fear {unknown}
 v - a scroll of acquirement {unknown}
 x - a scroll of magic mapping {unknown}
Potions
 i - a potion of cancellation {unknown}
 o - a potion of resistance {unknown}
 t - a potion of might {unknown}
 u - a potion of mutation {unknown}
 w - a potion of degeneration {unknown}


   Skills:
 - Level 1.0 Fighting
 - Level 2.4 Axes
 - Level 1.0 Armour
 + Level 7.1 Dodging
 + Level 3.8 Stealth
 + Level 3.7 Spellcasting
 + Level 3.1 Conjurations
 + Level 2.4 Fire Magic


You had 11 spell levels left.
You knew the following spells:

 Your Spells              Type           Power      Damage    Failure   Level
a - Foxfire               Conj/Fire      44%        2x1d6     7%          1

Your spell library contained the following spells:

 Spells                   Type           Power      Damage    Failure   Level
 Conjure Flame            Conj/Fire      11%        6-21      22%         3
 Sublimation of Blood     Necr           2%         N/A       32%         2
 Wereblood                Tmut           2%         N/A       32%         2
 Dazzling Flash           Conj/Hex       14%        N/A       34%         3
 Inner Flame              Hex/Fire       6%         N/A       38%         3
 Flame Wave               Conj/Fire      11%        2d6       56%         4
 Cause Fear               Hex            1%         N/A       91%         4
 Agony                    Necr           2%         N/A       99%         5
 Silence                  Hex/Air        1%         N/A       99%         5
 Summon Hydra             Summ           1%         N/A       100%        7
 Discord                  Hex            1%         N/A       100%        8


Dungeon Overview and Level Annotations

Branches:
Dungeon (5/15)             Temple (1/1) D:4

Altars:
Ashenzari
Cheibriados
Dithmenos
Elyvilon
Fedhas
Gozag
Hepliaklqana
Makhleb
Nemelex Xobeh
Okawaru
Qazlal
Ru
Sif Muna
Trog
Uskayaw
Vehumet
Wu Jian
Xom
Yredelemnul
Zin

Shops:
D:3 !

Annotations:
D:1 1 transporter
D:5 Blork the orc


Message History

Blork the orc frowns.
Blork the orc screams, "I don't like you!"
Casting: Foxfire (safe; 7% risk of failure)
Confirm with . or Enter, or press ? or * to list all spells.
You conjure some foxfire!
The foxfire hits the ogre.
The ogre is almost dead.
Your foxfire dissipates!
Casting: Foxfire (safe; 7% risk of failure)
Confirm with . or Enter, or press ? or * to list all spells.
You conjure some foxfire!
Blork the orc completely misses you.
The foxfire hits the ogre but does no damage.
The ogre is almost dead.
Your foxfire dissipates!
Blork the orc hits you from afar with a +0 glaive!
Blork the orc screams, "I'll make a cloak from your skin!"
Blork the orc casts a cantrip, but nothing happens.
Blork the orc closely misses you.
Blork the orc points at you and mumbles some strange words.
The magic dart hits you. Blork the orc completely misses you.
Blork the orc gestures at you while chanting.
The puff of flame hits you!
Blork the orc is no longer moving quickly.
Blork the orc gestures wildly while chanting.
Blork the orc seems to speed up.
Blork the orc points at you and mumbles some strange words.
The puff of flame hits you.
* * * LOW HITPOINT WARNING * * *
Blork the orc grins evilly.
Blork the orc grunts loudly, as Orcs often do.
Blork the orc points at you and mumbles some strange words.
The puff of flame hits you!
* * * LOW HITPOINT WARNING * * *
Blork the orc casts a spell at you. The puff of frost hits you.
* * * LOW HITPOINT WARNING * * *
Blork the orc gestures at you while chanting.
The puff of flame hits you.
You die...
Your body crumbles into a pile of gold.

.# .## ...# #..# #.#
#..# #.# ##..# #.# #...#
#.# #.####.#.# #.# ###
#.....@..# #.###.#
######...########.##.#.
###....o.O.........#
............#########..#
##..#######.# ##.# # #.#
##.# #. #.# ##..# ## #..
#.# ##...# #.##..# #.#
#....#


You could see Blork the orc (fast).

Vanquished Creatures
  Prince Ribbit (D:5)
  2 scorpions (D:5)
  2 adders
  A worm (D:4)
  An orc (D:4)
  4 endoplasms
  3 giant cockroaches
  5 goblins
  5 hobgoblins
  2 jackals (D:2)
  4 kobolds
  5 ball pythons
  8 bats
  A frilled lizard (D:2)
  7 rats
51 creatures vanquished.

Vanquished Creatures (others)
  11 foxfires (D:5)
11 creatures vanquished.

Grand Total: 62 creatures vanquished

Notes
Turn   | Place    | Note
-------+----------+-------------------------------------------
     0 | D:1      | Descartes the Deep Elf Wanderer began the quest for the
                  | Orb.
     0 | D:1      | Descartes set off with the following items: a +0 hand axe,
                  | a +2 leather armour, 2 scrolls of butterflies.
     0 | D:1      | Reached XP level 1. HP: 12/12 MP: 3/3
   191 | D:1      | Reached skill level 1 in Spellcasting
   480 | D:1      | Reached skill level 1 in Stealth
   480 | D:1      | Reached XP level 2. HP: 16/16 MP: 5/5
   755 | D:1      | Reached skill level 1 in Conjurations
  1710 | D:2      | Found a faded altar of an unknown god.
  1731 | D:2      | Reached XP level 3. HP: 20/20 MP: 7/7
  1914 | D:3      | Found a sacrificial altar of Ru.
  1922 | D:3      | Found a burning altar of Makhleb.
  1924 | D:3      | Found a blossoming altar of Fedhas.
  1926 | D:3      | Found a white marble altar of Elyvilon.
  1928 | D:3      | Found a bloodstained altar of Trog.
  1928 | D:3      | Found a hazy altar of Hepliaklqana.
  2092 | D:3      | Found a shimmering blue altar of Sif Muna.
  2156 | D:3      | Found a shadowy altar of Dithmenos.
  2163 | D:3      | Found Nyud's Distillery.
  2223 | D:3      | Identified the +9 mace of the Past {elec, rElec Str+3
                  | Dex+5}
  2430 | D:3      | Learned a level 1 spell: Foxfire
  2867 | D:4      | Found a staircase to the Ecumenical Temple.
  2882 | Temple   | Entered the Ecumenical Temple
  2887 | Temple   | Became a worshipper of Gozag Ym Sagoz the Greedy
  2945 | D:4      | Found a snail-covered altar of Cheibriados.
  3013 | D:4      | Noticed a killer bee
  3013 | D:4      | Noticed a bullfrog
  3241 | D:5      | Entered Level 5 of the Dungeon
  3241 | D:5      | Noticed a scorpion
  3247 | D:5      | Killed a scorpion
  3248 | D:5      | Reached skill level 1 in Fire Magic
  3248 | D:5      | Reached XP level 4. HP: 5/25 MP: 9/9
  3319 | D:5      | Found an ornate altar of the Wu Jian Council.
  3319 | D:5      | Noticed Prince Ribbit
  3325 | D:5      | Killed Prince Ribbit
  3326 | D:5      | Reached skill level 7 in Dodging
  3326 | D:5      | Reached XP level 5. HP: 17/29 MP: 9/12
  3326 | D:5      | Reached XP level 6. HP: 20/34 MP: 9/13
  3435 | D:5      | Noticed Blork the orc
  3495 | D:5      | Killed from afar by Blork the orc

Illustrated notes

Levels and vault maps discovered:
D:1:      spicycebolla_arrival_transporter_tutorial, layout_basic,
          chequers_decorated_corner, hangedman_decor_clover_reticule,
          minmay_fountain_box, st_stairs_8, due_unseen_surprise
D:2:      layout_loops_ring, chequers_ecumenical_altar_twisty,
          corexii_hall_statues_deadend, minmay_misc_feat_diagonals
D:3:      layout_rooms, grunt_temple_overflow_open,
          mainiacjoe_overflow_boulevard, serial_shops, nicolae_shop_waterfront,
          serial_co_window_serial, co_window_cross_1, co_window_paths_b,
          co_window_paths_a, co_window_paths_b, co_window_corner_a,
          co_window_cross_1, co_window_of_opportunity_a,
          co_window_unsneaky_path_a, co_window_corner_b, co_window_2corner,
          co_window_corner_b, glass_columns_b, glass_columns_c
D:4:      layout_cave_pools, mainiacjoe_overflow_small_starburst,
          minmay_temple_entry_tees, lightli_corner_chamber
D:5:      layout_loops_ring, nzn_wu_jian_contemplation, uniq_prince_ribbit1,
          uniq_blork_the_orc
Temple:   nicolae_temple_ecumenical_triangle

Skill      XL: |  1  2  3  4  5  6 |
---------------+-------------------+-----
Spellcasting   | 1 2 3 |  3.7
Stealth        | 1 2 3 |  3.8
Conjurations   | 1 2 3 |  3.1
Fire Magic     | 1 2 |  2.4
Dodging        | 7 |  7.1
Fighting       | |  1.0
Axes           | |  2.4
Armour         | |  1.0

Action                   |  1- 3 |  4- 6 || total
-------------------------+-------+-------++-------
Melee: Hand axe          |   135 |       ||   135
       Mace              |    26 |    13 ||    39
 Cast: Foxfire           |       |     8 ||     8
  Use: Scroll            |     1 |       ||     1
       Potion            |       |     2 ||     2
 Stab: Sleeping          |     6 |       ||     6
Armor: Leather armour    |    41 |     2 ||    43
Dodge: Dodged            |   149 |    19 ||   168
